 Dungeon Crawl Stone Soup version 0.20.1-1-g8b1a95d66d (webtiles) character file.

176 NixNut the Skirmisher (level 5, -5/46 HPs)
             Began as a Draconian Abyssal Knight on Dec 29, 2017.
             Was a Priest of Lugonu.
             Slain by an orc priest
             ... wielding a +0 whip
              (6 damage)
             ... on level 3 of the Dungeon.
             The game lasted 00:07:45 (2675 turns).

NixNut the Skirmisher (Draconian Abyssal Knight)    Turns: 2675, Time: 00:07:46

Health: -5/46      AC:  5    Str: 17    XL:     5   Next: 30%
Magic:  7/7        EV: 13    Int: 12    God:    Lugonu [***...]
Gold:   127        SH:  0    Dex: 11    Spells: 4/4 levels left

rFire    . . .     SeeInvis .   a - +1 falchion
rCold    . . .     Gourm    .   (no shield)
rNeg     . . .     Faith    .   (armour unavailable)
rPois    .         Spirit   .   (helmet restricted)
rElec    .         Reflect  .   (no cloak)
rCorr    .         Harm     .   (no gloves)
MR       .....                  (no boots)
Stlth    +.........             (no amulet)
Regen    0.2/turn               i - +2 ring of strength
MPRegen  0.1/turn               (no ring)

@: no status effects
A: unfitting armour, cold-blooded, AC +5
a: Depart the Abyss, Bend Space, Banish, Renounce Religion


You were on level 3 of the Dungeon.
You worshipped Lugonu.
Lugonu was most pleased with you.
You were not hungry.

You visited 1 branch of the dungeon, and saw 3 of its levels.
You visited the Abyss 1 time.

You collected 127 gold pieces.

Inventory:

Hand Weapons
 a - a +1 falchion (weapon)
Jewellery
 i - a +2 ring of strength (left hand)
Scrolls
 b - a scroll of immolation {unknown}
 c - a scroll of identify {unknown}
 e - a scroll of teleportation {unknown}
 f - a scroll of fog {unknown}
 h - 2 scrolls of enchant weapon {unknown}
 o - a scroll of magic mapping {unknown}
 p - a scroll of recharging {unknown}
 r - a scroll of random uselessness {unknown}
Potions
 g - a potion of degeneration {unknown}
 j - 2 potions of curing {unknown}
 l - 3 potions of might {unknown}
 m - a potion of ambrosia {unknown}
 n - a potion of lignification {unknown}
 q - a potion of heal wounds {unknown}
Comestibles
 d - 2 royal jellies
 k - a bread ration


   Skills:
 + Level 4.1 Fighting
 * Level 3.7 Long Blades
 + Level 3.2 Dodging
 - Level 3.0 Invocations


You had 4 spell levels left.
You didn't know any spells.

Dungeon Overview and Level Annotations

Branches:
Dungeon (3/15)

Altars:

Annotations:
D:3 Sigmund


Innate Abilities, Weirdness & Mutations

Your plain brown scales are hard. (AC +5)
You cannot fit into any form of body armour.
You are cold-blooded and may be slowed by cold attacks.


Message History

You hit the orc priest.
You tail-slap the orc priest, but do no damage.
The orc priest is moderately wounded.
The orc priest barely misses you.
You barely miss the orc priest.
The orc priest is moderately wounded.
The orc priest hits you with a whip.
* * * LOW HITPOINT WARNING * * *
You barely miss the orc priest.
The orc priest is moderately wounded.
The orc priest barely misses you.
You hit the orc priest. You tail-slap the orc priest.
The orc priest is severely wounded.
The orc priest invokes the aid of Beogh against you.
Beogh smites you!
* * * LOW HITPOINT WARNING * * *
You hit the orc priest.
Your tail-slap misses the orc priest.
The orc priest is almost dead.
The orc priest hits you with a whip.
You die...

###.)?....# #
#...#..####......# ###
#....####....<.# #..
####..#.......######## #..
.....##.#####........#####..
......##.######.....!.##.....
...........>.@o...............
.......##.#######...####......
.###### #.# ###...## #....{.
###.####....## ##..)##
##.....#.o...## ##.)).
##........o....# #..##
###...............# #..
#........o........# ....
#........o.......... ....#


You could see an orc priest.

Vanquished Creatures
  An orc priest (D:3)
  Robin (D:3)
  An adder (D:3)
  2 oozes (D:1)
  5 worms
  2 dart slugs (D:1)
  2 leopard geckos
  8 orcs (D:3)
  7 bats
  2 giant cockroaches
  11 goblins
  10 hobgoblins
  11 jackals
  4 kobolds
  6 frilled lizards
  12 rats
85 creatures vanquished.

Notes
Turn   | Place    | Note
-------+----------+-------------------------------------------
     0 | Abyss:1  | NixNut the Draconian Abyssal Knight began the quest for the Orb.
     0 | Abyss:1  | Reached XP level 1. HP: 19/19 MP: 2/2
    40 | D:1      | Escaped the Abyss
   190 | D:1      | Reached XP level 2. HP: 21/26 MP: 3/3
   605 | D:1      | Reached ** piety under Lugonu
   726 | D:1      | Reached XP level 3. HP: 28/31 MP: 5/5
  1306 | D:2      | Found a faded altar of an unknown god.
  1862 | D:2      | Reached XP level 4. HP: 37/38 MP: 6/6
  2219 | D:3      | Noticed Robin
  2219 | D:3      | Reached *** piety under Lugonu
  2235 | D:3      | Killed Robin
  2241 | D:3      | Noticed Sigmund
  2531 | D:3      | Reached XP level 5. HP: 34/46 MP: 7/7
  2662 | D:3      | Reached skill level 4 in Fighting
  2674 | D:3      | HP: 1/46 [orc priest/divine providence (9)]
  2675 | D:3      | Slain by an orc priest

Skill      XL: |  1  2  3  4  5 |
---------------+----------------+-----
Invocations    | 3 |  3.0
Long Blades    | 3 |  3.7
Dodging        | 3 |  3.2
Fighting       | 4 |  4.1

Action                   |  1- 3 |  4- 6 || total
-------------------------+-------+-------++-------
Melee: Falchion          |   140 |   109 ||   249
       Tailslap          |    12 |    20 ||    32
 Stab: Sleeping          |     2 |       ||     2
  Eat: Bread ration      |     1 |       ||     1
       Meat ration       |       |     1 ||     1
Armor: Skin              |    46 |    26 ||    72
Dodge: Dodged            |    96 |    81 ||   177
       Rpst.: Falchion   |    27 |    23 ||    50
